 Dungeon Crawl Stone Soup version 0.30.1-9-gdf580d7c3d (webtiles) character file.

Game seed: 5044466739586912445

26687 cvstardbvns the Fighter (level 13, -8/125 HPs)
             Began as a Minotaur Berserker on Oct 6, 2023.
             Was a High Priest of Trog.
             Mangled by an eight-headed hydra (10 damage)
             ... on level 3 of the Lair of Beasts on Oct 7, 2023.
             The game lasted 02:19:30 (16579 turns).

cvstardbvns the Fighter (Minotaur Berserker)       Turns: 16579, Time: 02:19:32

Health: -8/125     AC: 23    Str: 36    XL:     13   Next: 0%
Magic:  12/12      EV: 11    Int:  2    God:    Trog [*****.]
Gold:   548        SH:  5    Dex: 10    Spells: 12/12 levels left

rFire   + + .        M - +0 great sword of a ziggurat {freeze, rPois rF++ Str+3 Int-2}
rCold   . . .        (shield currently unavailable)
rNeg    . . .        D - +1 chain mail {Will+}
rPois   +            (helmet restricted)
rElec   .            A - +0 cloak
rCorr   .            r - +1 pair of gloves
SInv    .            l - +0 pair of boots
Will    +....        Y - amulet of reflection Stlth
                     d - +4 ring of protection
HPRegen 0.40/turn    V - +6 ring of strength
MPRegen 0.13/turn

%: reflection
@: on berserk cooldown, slowed, very slow
A: horns 2, retaliatory headbutt
a: Renounce Religion, Berserk, Trog's Hand, Brothers in Arms


You were on level 3 of the Lair of Beasts.
You worshipped Trog.
Trog was extremely pleased with you.
You visited 3 branches of the dungeon, and saw 17 of its levels.
You also visited: Ossuary and Bailey.

You collected 954 gold pieces.
You spent 406 gold pieces at shops.

Inventory:

Hand Weapons
 E - a +4 flail
 M - the +0 great sword of a ziggurat (weapon) {freeze, rPois rF++ Str+3 Int-2}
   (You took it off an orc warrior in a bailey)

   Str:       It affects your strength (+3).
   Int:       It affects your intelligence (-2).
   rF:        It greatly protects you from fire.
   rPois:     It protects you from poison.
Missiles
 R - 23 poisoned darts
 X - 2 throwing nets
Armour
 l - a +0 pair of boots (worn)
 r - a +1 pair of gloves (worn)
 A - a +0 cloak (worn)
 D - a +1 chain mail of willpower (worn)
 S - a scarf of invisibility
Jewellery
 d - a +4 ring of protection (left hand)
 v - a ring of protection from fire
 V - a +6 ring of strength (right hand)
 Y - an amulet of reflection (around neck)
Wands
 e - a wand of paralysis (27) (quivered)
 f - a wand of polymorph (3)
 k - a wand of roots (30)
 w - a wand of quicksilver (12)
 W - a wand of flame (18)
Scrolls
 b - 2 scrolls of poison
 c - 6 scrolls of teleportation
 h - 3 scrolls of butterflies
 i - 3 scrolls of blinking
 m - a scroll of vulnerability
 o - 3 scrolls of amnesia
 t - a scroll of immolation
 y - 2 scrolls of magic mapping
 B - a scroll of fog {unknown}
 C - a scroll of noise
 H - a scroll of fear
 J - 5 scrolls of enchant armour
 L - 6 scrolls of enchant weapon
 O - a scroll of torment {unknown}
 Z - 2 scrolls of silence {unknown}
Potions
 a - 2 potions of magic
 g - 5 potions of curing
 j - 3 potions of lignification
 n - a potion of brilliance
 p - 3 potions of haste
 q - 3 potions of degeneration
 x - a potion of heal wounds
 z - 4 potions of might
 F - 2 potions of flight {unknown}
 G - a potion of cancellation {unknown}
 I - 3 potions of resistance
 K - 4 potions of mutation
 N - a potion of invisibility {unknown}
 T - 2 potions of attraction


   Skills:
 + Level 14.3 Fighting
 * Level 13.2 Long Blades
 - Level 12.7 Maces & Flails
 + Level 12.5 Armour
 - Level 4.3 Dodging
 - Level 1.5 Stealth


You had 12 spell levels left.
You didn't know any spells.
Your spell library was empty.

Dungeon Overview and Level Annotations

Branches:
Dungeon (12/15)            Temple (1/1) D:6            Lair (4/5) D:11
 Shoals (0/4) Lair:3          Orc (0/2) D:11        Ossuary (visited)
 Bailey (visited)
  Snake: Lair:2-3    Spider: Lair:2-3     Slime: Lair:4-5

Altars:
Ashenzari
Elyvilon
Kikubaaqudgha
Nemelex Xobeh
Okawaru
Ru
Sif Muna
Trog
Uskayaw
Vehumet
Wu Jian
Yredelemnul
Zin
The Shining One

Shops:
D:1 =   D:2 ?   D:10 ?*:

Annotations:
D:11 3 runed translucent doors, kwasso's ghost, journeyman DrAE


Innate Abilities, Weirdness & Mutations

You have a pair of horns on your head.
You reflexively headbutt those who attack you in melee.


Message History

* * * LOW HITPOINT WARNING * * *
The water nymph drowns you!
* * * LOW HITPOINT WARNING * * *
Splash!
You fall into the shallow water.
Moving in this stuff is going to be slow.
Splash!
You fall into the shallow water.
Moving in this stuff is going to be slow.
You slice one of the seven-headed hydra's heads off!
The six-headed hydra grows two more!
You slash the eight-headed hydra!
The eight-headed hydra seems to slow down.
You freeze the eight-headed hydra.
Your headbutt misses the eight-headed hydra.
The eight-headed hydra is moderately wounded.
The eight-headed hydra bites you.
* * * LOW HITPOINT WARNING * * *
The eight-headed hydra barely misses you.
The eight-headed hydra bites you.
* * * LOW HITPOINT WARNING * * *
The eight-headed hydra bites you but does no damage.
You block the eight-headed hydra's attack.
The eight-headed hydra misses you.
The eight-headed hydra closely misses you.
The eight-headed hydra bites you but does no damage.
You are too berserk!
Your unstable footing causes you to fumble your attack.
The water nymph casts a spell at you. The water swirls and strikes you!!!
* * * LOW HITPOINT WARNING * * *
You are no longer berserk.
You are exhausted.
You feel yourself slow down.
You slice the water nymph!! You freeze the water nymph.
You kill the water nymph!
Trog accepts your kill.
Trog appreciates your killing of a magic user.
The eight-headed hydra bites you but does no damage.
The eight-headed hydra bites you!
You die...

#.##~~~~
.:~#.~~
##...~# .
P...##...
##........
##....#
##..####
#####...#
#@......#
#..P..D....##
#..........#
#.........##
##.........#
#........###
##......P#
###.....#


You could see an eight-headed hydra (slow).

Vanquished Creatures
  An orc warlord (Bailey)
  Harold (Lair:1)
  2 two-headed ogres
  A boulder beetle (D:11)
  2 death yaks (Lair:2)
  Amaemon (D:8)
  An orc knight (Bailey)
  A cyclops (D:11)
  A manticore (D:11)
  A torpor snail (Lair:2)
  2 black mambas (Lair:1)
  A water nymph (Lair:3)
  A gargoyle (D:11)
  An orange demon (D:8)
  An unseen horror (D:11)
  3 cane toads
  2 komodo dragons
  3 trolls (D:10)
  A hornet (D:10)
  A wraith (D:10)
  A wyvern (Lair:2)
  A basilisk (Lair:1)
  10 yaks
  A steam dragon (D:6)
  Duvessa (D:6)
  11 water moccasins
  3 acid dragons
  13 orc warriors
  An ice beast (D:6)
  A sky beast (D:7)
  3 black bears
  2 ogres (D:7)
  14 wolves
  2 centaurs (D:10)
  A phantom (D:5)
  11 bullfrogs
  3 kobold brigands
  2 scorpions
  7 water moccasin zombies (Ossuary)
  13 wights
  Dowan (D:6)
  2 howler monkeys
  5 orc priests
  Crazy Yiuf (D:3)
  2 gnoll boudas (D:8)
  4 hounds
  3 jellies
  Jessica (D:3)
  13 orc wizards
  8 iguanas
  2 mummies (Ossuary)
  Robin (D:2)
  20 gnolls
  4 adders
  A white imp (D:8)
  2 ufetubi
  2 adder zombies (Ossuary)
  A worm (D:2)
  5 dart slugs
  47 orcs
  5 ball pythons
  A bat (D:2)
  12 endoplasms
  A giant cockroach (D:1)
  5 gnoll zombies (Ossuary)
  22 goblins
  15 hobgoblins
  3 jackals (D:1)
  11 kobolds
  3 quokkas
  2 frilled lizards
  7 hobgoblin zombies (Ossuary)
  3 kobold zombies (Ossuary)
  2 orc zombies (Ossuary)
  8 rats
354 creatures vanquished.

Notes
Turn   | Place    | Note
-------+----------+-------------------------------------------
     0 | D:1      | cvstardbvns the Minotaur Berserker began the quest for the
                  | Orb.
     0 | D:1      | Reached XP level 1. HP: 19/19 MP: 0/0
   234 | D:1      | Reached skill level 4 in Fighting
   234 | D:1      | Reached XP level 2. HP: 26/27 MP: 1/1
   508 | D:1      | Found a faded altar of an unknown god.
  1039 | D:1      | Found Xiosiddi's One-of-a-Kind Rings.
  1308 | D:2      | Noticed Robin
  1322 | D:2      | Killed Robin
  1323 | D:2      | Reached XP level 3. HP: 30/34 MP: 2/2
  1390 | D:2      | Reached ** piety under Trog
  1704 | D:2      | Found Wiocwiemoe's Magic Scroll Shop.
  1721 | D:2      | Bought a scroll of identify for 24 gold pieces
  1721 | D:2      | Bought a scroll of identify for 24 gold pieces
  1721 | D:2      | Bought a scroll of identify for 24 gold pieces
  1721 | D:2      | Bought a scroll of identify for 24 gold pieces
  1749 | D:2      | Reached XP level 4. HP: 39/41 MP: 3/3
  2105 | D:3      | Noticed Jessica
  2323 | D:3      | Reached skill level 5 in Maces & Flails
  2563 | D:3      | Killed Jessica
  2564 | D:3      | Reached XP level 5. HP: 32/47 MP: 4/4
  2799 | D:3      | Found a runed translucent door.
  2800 | D:3      | Noticed Crazy Yiuf
  2825 | D:3      | Killed Crazy Yiuf
  3482 | D:4      | Reached skill level 1 in Stealth
  3485 | D:4      | Reached XP level 6. HP: 55/55 MP: 5/5
  3547 | D:4      | Reached skill level 5 in Fighting
  4440 | D:2      | Bought a scroll of identify for 24 gold pieces
  4440 | D:2      | Bought a scroll of identify for 24 gold pieces
  4440 | D:2      | Bought a scroll of teleportation for 36 gold pieces
  4440 | D:2      | Bought a scroll of identify for 24 gold pieces
  4551 | D:5      | Entered Level 5 of the Dungeon
  4781 | D:5      | Reached XP level 7. HP: 61/61 MP: 6/6
  5061 | D:5      | Reached skill level 5 in Armour
  5200 | D:5      | Reached *** piety under Trog
  5549 | D:5      | Found a radiant altar of Vehumet.
  5558 | D:5      | Found a hide-covered altar of Uskayaw.
  5730 | D:6      | Reached skill level 6 in Fighting
  5822 | D:6      | Noticed a steam dragon
  5836 | D:6      | Found a staircase to the Ecumenical Temple.
  5850 | D:6      | Reached XP level 8. HP: 59/70 MP: 7/7
  5958 | D:6      | Noticed Duvessa
  5963 | D:6      | Noticed Dowan
  5975 | D:6      | Killed Duvessa
  5989 | D:6      | Killed Dowan
  6139 | D:6      | Found a sand-covered staircase.
  6148 | Ossuary  | Entered an ossuary
  6214 | Ossuary  | Reached skill level 7 in Fighting
  6249 | Ossuary  | Reached **** piety under Trog
  6284 | Ossuary  | Reached skill level 10 in Maces & Flails
  6424 | D:6      | Reached XP level 9. HP: 42/78 MP: 8/8
  7000 | D:7      | Reached skill level 8 in Fighting
  7362 | D:7      | Found a flagged portal.
  7372 | Bailey   | Entered a bailey
  7468 | Bailey   | Noticed an orc knight
  7492 | Bailey   | Killed an orc knight
  7493 | Bailey   | Reached skill level 9 in Fighting
  7658 | Bailey   | Identified the +0 great sword of a ziggurat {freeze, rPois
                  | rF++ Str+3 Int-2}
  7718 | Bailey   | Noticed an orc warlord
  7986 | Bailey   | Reached skill level 1 in Long Blades
  7986 | Bailey   | Reached XP level 10. HP: 68/91 MP: 9/9
  8188 | Bailey   | Killed an orc warlord
  9270 | D:8      | Reached skill level 5 in Long Blades
  9675 | D:8      | Noticed a two-headed ogre
  9718 | D:8      | Killed a two-headed ogre
  9719 | D:8      | Reached skill level 10 in Fighting
  9907 | D:8      | Found a sacrificial altar of Ru.
  9916 | D:8      | Noticed Amaemon
  9918 | D:8      | Noticed an orange demon
 10022 | D:8      | Reached skill level 12 in Fighting
 10022 | D:8      | Reached skill level 10 in Armour
 10022 | D:8      | Reached XP level 11. HP: 105/105 MP: 10/10
 10191 | D:8      | Killed Amaemon
 10392 | D:8      | Found a basalt altar of Yredelemnul.
 10813 | D:9      | Noticed a two-headed ogre
 10825 | D:9      | Killed a two-headed ogre
 11297 | Temple   | Entered the Ecumenical Temple
 11493 | D:10     | Entered Level 10 of the Dungeon
 11636 | D:10     | Found Upadwiba's General Store.
 11648 | D:10     | Found an ancient bone altar of Kikubaaqudgha.
 11758 | D:10     | Found a glowing silver altar of Zin.
 11760 | D:10     | Found an ornate altar of the Wu Jian Council.
 11884 | D:10     | Found Mallosi's Book Boutique.
 11931 | D:10     | Reached XP level 12. HP: 98/113 MP: 11/11
 11988 | D:10     | Found Bygoh Vol's Magic Scroll Boutique.
 12008 | D:10     | Bought a scroll of identify for 30 gold pieces
 12008 | D:10     | Bought a scroll of identify for 30 gold pieces
 12008 | D:10     | Bought a scroll of identify for 30 gold pieces
 12008 | D:10     | Bought a scroll of blinking for 112 gold pieces
 12043 | D:10     | Reached skill level 13 in Fighting
 12048 | D:10     | Reached skill level 10 in Long Blades
 12278 | D:10     | Reached ***** piety under Trog
 13297 | D:11     | Noticed a boulder beetle
 13305 | D:11     | Found a staircase to the Orcish Mines.
 13745 | D:11     | Found a staircase to the Lair.
 13780 | D:11     | Found a runed translucent gate.
 13780 | D:11     | Found a runed translucent gate.
 13780 | D:11     | Found a runed translucent gate.
 13792 | D:11     | Noticed kwasso's ghost (journeyman DrAE)
 13912 | D:11     | Identified the ring of Usmais {rPois rC+ rN+ MP+9 Int+5}
 13959 | D:11     | Killed a boulder beetle
 14531 | Lair:1   | Entered Level 1 of the Lair of Beasts
 14651 | Lair:1   | Noticed Harold
 14675 | Lair:1   | Killed Harold
 15248 | Lair:1   | Reached skill level 14 in Fighting
 15753 | Lair:2   | Noticed a death yak
 15760 | Lair:2   | Noticed a death yak
 15770 | Lair:2   | Killed a death yak
 15780 | Lair:2   | Killed a death yak
 16338 | Lair:2   | You fall into a shaft and drop 2 floors!
 16499 | Lair:4   | Received a gift from Trog
 16546 | Lair:4   | Reached XP level 13. HP: 115/125 MP: 12/12
 16557 | Lair:3   | Found a staircase to the Shoals.
 16577 | Lair:3   | HP: 2/187 [water nymph/the raging water (37)]
 16579 | Lair:3   | Mangled by an eight-headed hydra

Illustrated notes

Levels and vault maps discovered:
D:1:      co_arrival_random_square_maze, layout_loops_corners,
          dilly_ecumenical_altar_fadedgnrine, dreamdust_princess_bridge,
          nicolae_shop_unique_rings
D:2:      layout_basic, serial_shops, nicolae_shop_competitors_out_of_business,
          uniq_robin
D:3:      layout_loops_corners, uniq_crazy_yiuf_cottage, uniq_jessica
D:4:      layout_loops_ring
D:5:      layout_basic, nicolae_overflow_squiral, minmay_crossroads
D:6:      layout_loops_cross, minmay_temple_entry_grid,
          nicolae_ossuary_entry_plus, dk_vineyard_3, uniq_duvessa
D:7:      lemuel_ice_spiral_2, layout_basic, enter_bailey_2, serial_glass,
          glass_columns_b, glass_columns_a
D:8:      layout_basic, nicolae_ru_sacrificial_ziggurat,
          mainiacjoe_overflow_catwalk, grunt_ministairs_13,
          nicolae_grassy_gnolls, uniq_amaemon
D:9:      layout_rooms
D:10:     minmay_evil_eye, layout_irregular_city,
          nicolae_overflow_hidden_temple, serial_shops,
          nicolae_shop_rolling_square, nicolae_inconvenience_store,
          nicolae_shop_peninsula
D:11:     layout_gridville, due_lair_maze_entry_diamond,
          gammafunk_ghost_nasty_kobolds, gauntlet_entry_generic
D:12:     layout_basic, fedhas_bush_and_centaur_altar
Temple:   regret_index_temple_waves
Lair:1:   layout_gridlike, beast_lair_carwin_4, lemuel_fruit_fields,
          grunt_megastairs_3, uniq_harold
Lair:2:   layout_roguey, serial_bayou_pond_c
Lair:3:   layout_cave_pods, nicolae_shoals_entry_flooding,
          minmay_snake_entry_guardpost_medium
Lair:4:   dreamdust_isle_of_ice, layout_gridlike

Skill      XL: |  1  2  3  4  5  6  7  8  9 10 11 12 |
---------------+-------------------------------------+-----
Fighting       | 4 5 6 7 9 12 14 | 14.3
Maces & Flails | 4 5 6 8 10 12 | 12.7
Armour         | 3 4 5 6 7 10 12 | 12.5
Dodging        | 3 4 |  4.3
Stealth        | 1 |  1.5
Long Blades    | 1 8 9 13 | 13.2

Action                     |  1- 3 |  4- 6 |  7- 9 | 10-12 | 13-15 || total
---------------------------+-------+-------+-------+-------+-------++-------
  Melee: Mace              |    93 |    10 |       |       |       ||   103
         Headbutt          |    17 |    20 |    58 |   102 |     1 ||   198
         Flail             |       |   103 |   313 |       |       ||   416
         Punch             |       |     3 |     3 |       |       ||     6
         Great sword       |       |       |    19 |   445 |    11 ||   475
  Throw: Dart              |       |       |     1 |     7 |       ||     8
         Javelin           |       |       |       |     6 |       ||     6
         Throwing net      |       |       |       |     1 |       ||     1
 Invoke: Berserk           |     1 |     3 |     2 |     4 |     1 ||    11
         Trog's Hand       |       |     1 |     1 |     2 |       ||     4
         Brothers in Arms  |       |       |       |     1 |       ||     1
  Evoke: Wand              |       |       |       |     1 |       ||     1
    Use: Scroll            |     4 |     7 |     9 |    12 |       ||    32
         Potion            |       |     3 |     4 |    12 |       ||    19
   Stab: Sleeping          |     1 |       |       |       |       ||     1
 Armour: Animal skin       |    15 |       |       |       |       ||    15
         Scale mail        |    10 |    40 |       |       |       ||    50
         Chain mail        |       |    29 |   141 |   350 |    25 ||   545
  Dodge: Dodged            |    55 |    63 |   129 |   308 |     9 ||   564
  Block: Other             |       |       |       |     1 |     9 ||    10
